 Dungeon Crawl Stone Soup version 0.24-a0-165-g1b465fe (webtiles) character file.

Game seed: 15217508070832951071

813 Dfrag the Grave Robber (level 7, 33/63 HPs)
             Began as a Deep Dwarf Necromancer on Mar 7, 2019.
             Was a Follower of Makhleb.
             Quit the game on level 5 of the Dungeon.
             The game lasted 00:06:22 (3853 turns).

Dfrag the Grave Robber (Deep Dwarf Necromancer)     Turns: 3853, Time: 00:06:23

Health: 33/63      AC:  3    Str: 11    XL:     7   Next: 61%
Magic:  9/11       EV: 12    Int: 18    God:    Makhleb [*.....]
Gold:   244        SH:  0    Dex: 13    Spells: 10/14 levels left

rFire    . . .     SeeInvis .   o - +3 hand axe
rCold    . . .     Gourm    .   (no shield)
rNeg     . . .     Faith    .   a - +0 robe
rPois    .         Spirit   .   (no helmet)
rElec    .         Reflect  .   (no cloak)
rCorr    .         Harm     .   l - +0 pair of gloves
MR       +....                  (no boots)
Stlth    ++........             (no amulet)
HPRegen  0.00/turn              j - +1 ring of slaying
MPRegen  0.12/turn              (no ring)

@: flying, non-regenerating
A: damage resistance, heal wounds, sense surroundings 1, no regeneration
a: Heal Wounds, Renounce Religion


You were on level 5 of the Dungeon.
You worshipped Makhleb.
Makhleb was aware of your devotion.
You were not hungry.

You visited 1 branch of the dungeon, and saw 5 of its levels.

You collected 244 gold pieces.

Inventory:

Hand Weapons
 b - a +0 dagger
 m - a +0 flail of protection
 n - a +0 hand axe
 o - a +3 hand axe (weapon)
Armour
 a - a +0 robe (worn)
 l - a +0 pair of gloves (worn)
Jewellery
 j - a +1 ring of slaying (left hand)
Scrolls
 f - 2 scrolls of amnesia {unknown}
 g - 2 scrolls of enchant weapon {unknown}
 h - 4 scrolls of identify {unknown}
 p - a scroll of teleportation {unknown}
 q - a scroll of remove curse {unknown}
 s - a scroll of fog {unknown}
Potions
 d - a potion of curing {unknown}
 e - a potion of flight
 i - a potion of heal wounds
 k - 3 potions of agility {unknown}
 r - a potion of ambrosia {unknown}
 t - a potion of degeneration {unknown}
Comestibles
 c - 9 rations


   Skills:
 + Level 3.7 Fighting
 + Level 4.5 Axes
 - Level 2.1 Dodging
 - Level 2.4 Stealth
 - Level 4.3 Spellcasting
 - Level 5.7 Necromancy


You had 10 spell levels left.
You knew the following spells:

 Your Spells              Type           Power        Failure   Level  Hunger
a - Pain                  Necr           ###.         1%          1    None
b - Vampiric Draining     Necr           ###.......   4%          3    ###....

Your spell library contained the following spells:

 Spells                   Type           Power        Failure   Level  Hunger
 Animate Skeleton         Necr           N/A          1%          1    None
 Animate Dead             Necr           N/A          14%         4    ####...
 Regeneration             Chrm/Necr      Unusable     N/A         3    N/A

Dungeon Overview and Level Annotations

Branches:
Dungeon (5/15)             Temple (0/1) D:4

Altars:
Dithmenos
Fedhas
Makhleb
The Shining One


Innate Abilities, Weirdness & Mutations

You are resistant to damage.
You can heal yourself by infusing magical energy.
You passively map a small area around you.
You do not regenerate.


Message History

You tear a large gash into the net.
The gnoll closely misses you. x2
Unknown command.
Unknown command.
You rip the net and break free!
The necrophage hits you!
The gnoll hits you from afar with a cursed +0 spear.
The gnoll hits you with a +0 flail.
* * * LOW HITPOINT WARNING * * *
The gnoll hits you but does no damage.
The centaur shoots an arrow.
The arrow hits you.
* * * LOW HITPOINT WARNING * * *
The necrophage hits you but does no damage.
The gnoll closely misses you. The gnoll hits you with a +0 flail.
* * * LOW HITPOINT WARNING * * *
You see here an arrow.
Your magical essence is drained by the effort!
You feel much better.
The centaur shoots an arrow.
The arrow closely misses you. The necrophage barely misses you.
The gnoll barely misses you. The gnoll completely misses you.
The centaur shoots an arrow.
The arrow hits you!
Are you sure you want to abandon this character and quit the game? (Confirm with "yes".)

* *, ,* ,
.##..##...## ,
...........# , ,
,
,...........#,,,
, ...........#<
, , ,
,...........# ,
, ,[..........#
,, , ,
......cn...#, ,,
, * *, #.<@.#* ,
, , +* #gg..# ,,
, ...g.(.... ,
,...........<..
,
................
, ,
................
,
................
..##...##....#..
, * * * *


You could see a necrophage, a centaur and 3 gnolls.

Vanquished Creatures
  2 ogres (D:4)
  2 scorpions (D:4)
  A jelly (D:3)
  A bullfrog skeleton (D:4)
  An orc priest (D:3)
  5 orc wizards
  2 worker ants (D:4)
  2 hound skeletons (D:4)
  9 gnolls
  6 adders
  2 oozes (D:3)
  4 dart slugs
  4 leopard geckos
  13 orcs
  4 giant cockroaches
  9 goblins
  4 hobgoblins
  3 jackals (D:4)
  5 kobolds
  4 quokkas
  2 ball pythons
  12 bats
  5 frilled lizards
  5 rats
107 creatures vanquished.

Notes
Turn   | Place    | Note
-------+----------+-------------------------------------------
     0 | D:1      | Dfrag the Deep Dwarf Necromancer began the quest for the
                  | Orb.
     0 | D:1      | Reached XP level 1. HP: 15/15 MP: 3/3
   139 | D:1      | Reached XP level 2. HP: 11/22 MP: 1/5
   619 | D:2      | Reached XP level 3. HP: 28/28 MP: 1/7
   847 | D:2      | Found a blossoming altar of Fedhas.
   851 | D:2      | Found a shadowy altar of Dithmenos.
   863 | D:2      | Found a glowing golden altar of the Shining One.
  1052 | D:2      | Learned a level 3 spell: Vampiric Draining
  1123 | D:3      | Reached skill level 5 in Necromancy
  1165 | D:3      | Reached XP level 4. HP: 25/36 MP: 2/8
  1447 | D:3      | Reached XP level 5. HP: 15/42 MP: 1/10
  1971 | D:3      | Reached XP level 6. HP: 26/50 MP: 6/12
  1975 | D:3      | Reached skill level 1 in Axes
  2582 | D:3      | Found a burning altar of Makhleb.
  2584 | D:3      | Noticed a green death
  2817 | D:3      | Noticed a hellwing
  2817 | D:3      | Noticed a ynoxinul
  2819 | D:3      | Became a worshipper of Makhleb the Destroyer
  2903 | D:4      | Reached skill level 1 in Fighting
  2938 | D:4      | Found a staircase to the Ecumenical Temple.
  3064 | D:4      | Reached XP level 7. HP: 41/61 MP: 0/13
  3694 | D:4      | Reached * piety under Makhleb
  3839 | D:5      | Entered Level 5 of the Dungeon
  3853 | D:5      | Quit the game

Levels and vault maps discovered:
D:1:      minmay_arrival_semitransparent, layout_basic
D:2:      layout_basic, minmay_overflow_temple_star_quad
D:3:      layout_basic, makhleb_altar_promises_db,
          hangedman_decor_clover_reticule, minmay_crystal_room,
          chequers_serial_rivers_micro_e, hangedman_decor_points,
          chequers_serial_rivers_large_a
D:4:      layout_loops_cross, temple_doors_cd, first_ration, minivault_23
D:5:      layout_gridville, okawaru_gym_becter, minivault_11, minmay_crossroads,
          uniq_blork_the_orc

Skill      XL: |  1  2  3  4  5  6  7 |
---------------+----------------------+-----
Spellcasting   | 2 3 4 |  4.3
Necromancy     | 5 |  5.7
Axes           | 3 4 |  4.5
Fighting       | 2 3 |  3.7
Dodging        | |  2.1
Stealth        | |  2.4

Action                   |  1- 3 |  4- 6 |  7- 9 || total
-------------------------+-------+-------+-------++-------
Melee: Unarmed           |    23 |       |       ||    23
       Dagger            |    38 |    13 |       ||    51
       Flail             |       |    17 |       ||    17
       Hand axe          |       |    31 |    26 ||    57
 Cast: Pain              |    63 |    25 |    22 ||   110
       Vampiric Draining |       |    30 |    13 ||    43
 Abil: Heal Wounds       |     1 |       |     3 ||     4
  Use: Potion            |       |       |     2 ||     2
 Stab: Sleeping          |       |     2 |       ||     2
  Eat: Chunk             |     1 |     8 |     4 ||    13
Armor: Robe              |    18 |    14 |     7 ||    39
Dodge: Dodged            |    50 |    57 |    37 ||   144

Table legend:
 A = Non-vault XP
 B = Vault XP
 C = Vault XP percentage of total XP
 D = Non-vault monster count
 E = Vault monster count
 F = Vault count percentage of total count
                 A         B        C        D         E       F
            +---------+---------+-------+---------+---------+-------
      Total |    1162 |       0 |   0.0 |     107 |       0 |   0.0
            +---------+---------+-------+---------+---------+-------
        D:1 |      37 |       0 |   0.0 |      19 |       0 |   0.0
        D:2 |      43 |       0 |   0.0 |      19 |       0 |   0.0
        D:3 |     340 |       0 |   0.0 |      38 |       0 |   0.0
        D:4 |     727 |       0 |   0.0 |      30 |       0 |   0.0
        D:5 |      15 |       0 |   0.0 |       1 |       0 |   0.0
            +---------+---------+-------+---------+---------+-------
